 Dungeon Crawl Stone Soup version 0.31-a0-1169-gd935f9fcdc (webtiles) character file.

Game seed: 9042645697469797286

564 GreatBamboolord the Shield-Bearer (level 7, -2/60 (68) HPs)
             Began as a Troll Fighter on Dec 10, 2023.
             Was an Initiate of Sif Muna.
             Slain by a wight
             ... wielding a +3 long sword of freezing
              (3 damage)
             ... on level 5 of the Dungeon.
             The game lasted 00:06:13 (3768 turns).

GreatBamboolord the Shield-Bearer (Troll Fighter)   Turns: 3768, Time: 00:06:13

HP:   -2/60 (68)    AC:  5    Str: 27    XL:     7   Next: 10%
MP:   16/16         EV:  9    Int:  4    God:    Sif Muna [......]
Gold: 269           SH:  8    Dex:  9    Spells: 6/6 levels left

rFire   . . .        s - +3 flail
rCold   . . .        c - +0 kite shield
rNeg    . . .        b - +0 robe
rPois   +            (helmet restricted)
rElec   .            D - +0 cloak
rCorr   .            (gloves unavailable)
SInv    .            (boots unavailable)
Will    .....        (no amulet)
Stlth   +            j - ring of poison resistance
HPRegen 1.10/turn    y - ring of magical power
MPRegen 0.15/turn

%: no passive effects
@: heavily drained
A: large, unfitting armour, claws 3, regeneration 1, shaggy fur 1, tough skin 1
a: Renounce Religion


You were on level 5 of the Dungeon.
You worshipped Sif Muna.
Sif Muna was noncommittal.
You visited 2 branches of the dungeon, and saw 7 of its levels.

You collected 269 gold pieces.

Inventory:

Hand Weapons
 s - a +3 flail (weapon)
Missiles
 i - a throwing net
 A - 3 large rocks (quivered)
Armour
 b - a +0 robe (worn)
 c - a +0 kite shield (worn)
 D - a +0 cloak (worn)
Jewellery
 h - a ring of fire
 j - a ring of poison resistance (left claw)
 k - a ring of ice
 x - a ring of ice
 y - a ring of magical power (right claw)
Wands
 u - a wand of polymorph (7)
 B - a wand of flame (21)
Scrolls
 d - a scroll of poison
 g - 3 scrolls of teleportation
 n - a scroll of vulnerability {unknown}
 o - 3 scrolls of fog
 q - a scroll of enchant weapon {unknown}
 r - a scroll of brand weapon {unknown}
 t - a scroll of blinking {unknown}
 v - a scroll of silence {unknown}
 w - a scroll of butterflies {unknown}
Potions
 f - 4 potions of attraction
 m - a potion of mutation
 p - 2 potions of curing
 z - a potion of enlightenment


   Skills:
 + Level 3.8 Fighting
 + Level 3.6 Maces & Flails
 + Level 0.4 Throwing
 + Level 3.8 Dodging
 + Level 4.2 Shields
 * Level 1.5 Invocations


You had 6 spell levels left.
You didn't know any spells.
Your spell library contained the following spells:

 Spells                   Type           Power      Damage    Failure   Level
 Apportation              Tloc           0%         N/A       73%         1
 Necrotise                Necr           0%         1d4       73%         1
 Summon Small Mammal      Summ           0%         N/A       73%         1
 Poisonous Vapours        Pois/Air       0%         N/A       86%         2
 Sublimation of Blood     Necr           0%         N/A       86%         2
 Hailstorm                Conj/Ice       0%         3d5       97%         3
 Mephitic Cloud           Conj/Pois/Air  0%         N/A       97%         3
 Petrify                  Tmut/Erth      0%         N/A       100%        4
 Summon Ice Beast         Ice/Summ       0%         N/A       100%        4
 Freezing Cloud           Conj/Ice/Air   0%         6-21      100%        5
 Irradiate                Conj/Tmut      0%         3d11      100%        5
 Simulacrum               Ice/Necr       0%         N/A       100%        6


Dungeon Overview and Level Annotations

Branches:
Dungeon (6/15)             Temple (1/1) D:4

Altars:
Cheibriados
Dithmenos
Elyvilon
Fedhas
Gozag
Hepliaklqana
Kikubaaqudgha
Qazlal
Ru
Sif Muna
Trog
Uskayaw
Vehumet
Wu Jian
Xom
Zin
The Shining One

Annotations:
D:3 2 transporters


Innate Abilities, Weirdness & Mutations

You are too large for most types of armour.
You have claws for hands.
Your natural rate of healing is unusually fast.
You are covered in fur. (AC +1)
You have tough skin. (AC +1)


Message History

Found a scroll of fog.
The wight moves out of view.
No target in view!
A wight comes into view.
It is wielding a +3 long sword of freezing.
Found a There-And-Back Book.
The wight moves out of view.
A wight comes into view.
It is wielding a +4 dire flail of freezing.
There are monsters nearby!
Found a throwing net and 6 stones.
You block the wight's attack.
You completely miss the wight.
There are monsters nearby!
You hit the wight but do no damage.
There are monsters nearby!
You barely miss the wight.
The wight hits you with a +3 long sword of freezing!
You feel drained. The wight freezes you.
The wight hits you with a +0 morningstar.
You closely miss the wight.
The wight hits you with a +3 long sword of freezing!
You feel drained. The wight freezes you! The wight barely misses you.
You are too injured to fight recklessly!
There is a stone staircase leading up here.
You block the wight's attack.
You climb upwards.
There is a stone staircase leading down here.
You sock the wight!
The wight is heavily damaged.
The wight hits you with a +3 long sword of freezing!
You feel drained. The wight freezes you.
* * * LOW HITPOINT WARNING * * *
You hit the wight but do no damage.
The wight is heavily damaged.
The wight hits you with a +3 long sword of freezing!
* * * LOW HITPOINT WARNING * * *
The wight freezes you.
* * * LOW HITPOINT WARNING * * *
You block the wight's attack.
You feel better.
The wight hits you with a +3 long sword of freezing!
* * * LOW HITPOINT WARNING * * *
You feel drained.
You die...

## #.........# #....# .##
#.........# ##....# #### # ..#
#.........# ##...<.# #..### ..#
######..### #..#.### #...## ..##
#...# #.##.# #....#
...########.#.####....# ####..
............#......#### #####.<
######..###.......#########......
##......#..@z.......)))###..
######...##..#.#.....######## ##.
...>...#.###...#.....### #.
########.....##..##....#########.
#..######....#####.........##.
###..##^.....#### #...########.
##.......##......# ###...# #.
#.....%..##..###.#### ###.#######
.........##..# #.).(# #......##


You could see a wight.

Vanquished Creatures
  A black bear (D:4)
  3 scorpions
  A jelly (D:4)
  A gnoll bouda (D:5)
  Ijyb (D:3)
  7 adders
  5 gnolls (D:5)
  A worm (D:4)
  2 dart slugs
  5 orcs
  6 ball pythons
  9 endoplasms
  5 giant cockroaches
  7 goblins
  14 hobgoblins
  4 jackals (D:3)
  3 quokkas
  9 bats
  A frilled lizard (D:1)
  8 kobolds
  5 rats
98 creatures vanquished.

Notes
Turn   | Place    | Note
-------+----------+-------------------------------------------
     0 | D:1      | GreatBamboolord the Troll Fighter began the quest for the
                  | Orb.
     0 | D:1      | Reached XP level 1. HP: 22/22 MP: 0/0
    77 | D:1      | Found Tollenn's Distillery.
   250 | D:1      | Reached XP level 2. HP: 29/29 MP: 1/1
   824 | D:2      | Reached skill level 3 in Shields
   824 | D:2      | Reached XP level 3. HP: 30/36 MP: 2/2
  1414 | D:2      | Reached XP level 4. HP: 44/44 MP: 3/3
  1623 | D:3      | Noticed Ijyb
  1636 | D:3      | Killed Ijyb
  1702 | D:3      | Found a shadowy altar of Dithmenos.
  1756 | D:3      | Found a blossoming altar of Fedhas.
  1758 | D:3      | Noticed an orc warrior
  1758 | D:3      | Noticed an ogre
  1762 | D:3      | Found a transporter.
  1771 | D:3      | Found a transporter.
  1775 | D:3      | Noticed a phantom
  1820 | D:3      | Found a sacrificial altar of Ru.
  1922 | D:3      | Reached XP level 5. HP: 53/53 MP: 4/4
  2306 | D:4      | Noticed a black bear
  2347 | D:4      | Killed a black bear
  2348 | D:4      | Reached skill level 4 in Shields
  2348 | D:4      | Reached XP level 6. HP: 42/61 MP: 5/5
  2471 | D:4      | Found a staircase to the Ecumenical Temple.
  2505 | Temple   | Entered the Ecumenical Temple
  2519 | Temple   | Became a worshipper of Sif Muna the Loreminder
  2777 | D:5      | Entered Level 5 of the Dungeon
  2884 | D:5      | Found a shimmering altar of Xom.
  3262 | D:5      | Reached skill level 1 in Invocations
  3465 | D:5      | Reached XP level 7. HP: 53/68 MP: 7/7
  3768 | D:5      | HP: 1/62 [wight/+3 long sword of freezing (12)]
  3768 | D:5      | Slain by a wight

Illustrated notes

Levels and vault maps discovered:
D:1:      doesnt_arrival_eight_statues, layout_basic, serial_shops, shop,
          nicolae_figureground_pulse
D:2:      layout_loops_cross, minmay_distorted
D:3:      layout_loops_ring, gammafunk_temple_overflow_arena,
          mainiacjoe_overflow_boulevard, mainiacjoe_overflow_chevrons,
          kennysheep_nub, minmay_misc_feat_diagonals,
          kennysheep_cross_bottleneck, small_statue_intersection, corexii_shack,
          minmay_goblin_kobold_house, uniq_ijyb
D:4:      layout_rooms, minmay_temple_entry_gardened_gates, serial_forest,
          infiniplex_forest_lined_2, infiniplex_forest_lined_room_2,
          infiniplex_forest_lined_3, infiniplex_forest_clump_tiny,
          serial_bayou_pond_b
D:5:      layout_rooms, mainiacjoe_overflow_alcove_2, serial_corexii_hall,
          corexii_hall_statues_deadend, corexii_hall_statues_deadend
D:6:      layout_rooms, lemuel_tele_altar, minmay_manual_mess, uniq_jeremiah
Temple:   nicolae_temple_god_jail

Skill      XL: |  1  2  3  4  5  6 |
---------------+-------------------+-----
Maces & Flails | 2 3 |  3.6
Shields        | 3 4 |  4.2
Dodging        | 3 |  3.8
Fighting       | 3 |  3.8
Invocations    | 1 |  1.5
Throwing       | |  0.4

Action                     |  1- 3 |  4- 6 |  7- 9 || total
---------------------------+-------+-------+-------++-------
  Melee: Flail             |   157 |   198 |     6 ||   361
    Use: Scroll            |       |    11 |       ||    11
         Potion            |       |     4 |     1 ||     5
   Stab: Sleeping          |     1 |     1 |       ||     2
 Armour: Robe              |   121 |   146 |     6 ||   273
         Skin              |       |     9 |       ||     9
  Dodge: Dodged            |    76 |    96 |     1 ||   173
  Block: Kite shield       |    78 |   122 |     3 ||   203

Table legend: (Time is in decaauts)
 A = Elapsed time spent in this place.
 B = Non-inter-level travel time spent in this place.
 C = Inter-level travel time spent in this place.
 D = Time resting spent in this place.
 E = Time spent auto-exploring this place.
 F = Levels seen in this place.
 G = Mean time per level.
                   A        B        C        D        E       F      G
               +--------+--------+--------+--------+--------+-----+--------+
         Total |   3908 |   3536 |    372 |     12 |   2583 |   7 |  558.3 |
       Dungeon |   3881 |   3532 |    349 |     12 |   2583 |   6 |  646.8 |
        Temple |     26 |      3 |     23 |      0 |      0 |   1 |   26.0 |
               +--------+--------+--------+--------+--------+-----+--------+

Top non-repeatable levels by time:
     D:2: 858 daAuts
     D:5: 849 daAuts
     D:1: 842 daAuts
     D:3: 742 daAuts
     D:4: 570 daAuts
  Temple: 26 daAuts
     D:6: 18 daAuts
